 Dungeon Crawl Stone Soup version 0.31-a0-844-gdc52ec4e09 (webtiles) character file.

Game seed: 13830298100407023566

51 Bravepunisher the Ducker (level 3, 0/19 (20) HPs)
             Began as a Spriggan Monk on Sept 29, 2023.
             Slain by a killer bee (1 damage)
             ... on level 8 of the Dungeon.
             The game lasted 00:05:37 (1209 turns).

Bravepunisher the Ducker (Spriggan Monk)            Turns: 1209, Time: 00:05:38

HP:   0/19 (20)     AC:  4    Str:  6 (7)  XL:     3   Next: 58%
MP:   4/4           EV: 19    Int: 10 (11) God:
Gold: 187           SH:  0    Dex: 16 (19) Spells: 2/2 levels left

rFire   . . .        a - +1 short sword
rCold   . . .        (no shield)
rNeg    . . .        b - +1 robe
rPois   .            (helmet restricted)
rElec   .            g - +0 cloak
rCorr   .            (gloves unavailable)
SInv    +            (boots unavailable)
Will    .....        (no amulet)
Stlth   +            (no ring)
HPRegen 0.23/turn    (no ring)
MPRegen 0.09/turn

%: no passive effects
@: confused, lethally poisoned (0 -> -16), weak-willed, ambrosia-drunk, marked,
attractive, drained, very quick
A: very small, no large weapons, unfitting armour, see invisible, speed 3
a: no special abilities


You were on level 8 of the Dungeon.
You visited 1 branch of the dungeon, and saw 9 of its levels.

You collected 187 gold pieces.

Inventory:

Hand Weapons
 a - a +1 short sword (weapon)
Armour
 b - a +1 robe (worn)
 g - a +0 cloak (worn)
Potions
 k - a potion of degeneration


   Skills:
 * Level 3.4 Fighting
 - Level 3.2 Short Blades
 + Level 4.8 Dodging


You had 2 spell levels left.
You didn't know any spells.
Your spell library contained the following spells:

 Spells                   Type           Power      Damage    Failure   Level
 Ensorcelled Hibernation  Hex/Ice        0%         N/A       50%         2
 Jinxbite                 Hex            0%         N/A       50%         2
 Anguish                  Hex/Necr       0%         N/A       98%         4


Dungeon Overview and Level Annotations

Branches:
Dungeon (9/15)
 Temple: D:4-7         Lair: D:8-11         Orc: D:9-12

Altars:
Fedhas
Nemelex Xobeh

Shops:
D:3 (?   D:9 [[


Innate Abilities, Weirdness & Mutations

You are very small and have problems with some larger weapons.
You are too small for most types of armour.
You have supernaturally acute eyesight. (SInv)
You cover ground extremely quickly. (Speed+++)


Message History

The killer bee stings you.
* * * LOW HITPOINT WARNING * * *
You feel much better.
A killer bee comes into view.
The killer bee stings you.
You are poisoned.
The killer bee poisons you! The wight misses you.
The killer bee is attracted toward you.
You feel sick.
The killer bee attacks as it pursues you!
The killer bee stings you.
You are lethally poisoned!
The killer bee poisons you!
The killer bee attacks as it pursues you!
The killer bee misses you.
A killer bee comes into view.
The killer bee is attracted toward you. x2
You feel sick.
The killer bee attacks as it pursues you!
The killer bee closely misses you.
The killer bee attacks as it pursues you!
The killer bee stings you.
* * * LOW HITPOINT WARNING * * *
The killer bee barely misses you. The wight is attracted toward you.
The killer bee is attracted toward you.
* * * LOW HITPOINT WARNING * * *
You feel sick.
The killer bee attacks as it pursues you!
The killer bee stings you but does no damage.
The killer bee attacks as it pursues you!
The killer bee closely misses you. The killer bee stings you.
* * * LOW HITPOINT WARNING * * *
You are more poisoned.
The killer bee poisons you! The killer bee is attracted toward you.
You are confused.
You feel invigorated.
* * * LOW HITPOINT WARNING * * *
You feel very sick. The killer bee stings you.
You die...

####..# ###§#
##.##############..#
#...............§######
######...........[.§$.....##
#...................).......#
.........######..§§.........#
########..#
##.zy...........##
#..###..zy............#
##..##..@yy....(......#
##......y............#
#...................#
##...................#
#..........?......$.#
#####.#............##
################


You could see 5 killer bees and 2 wights.

Vanquished Creatures
  2 adders
  3 orcs
  A ball python (D:1)
  2 bats (D:3)
  4 endoplasms
  A giant cockroach (D:1)
  A goblin (D:1)
  3 hobgoblins
  4 jackals (D:1)
  2 frilled lizards
  5 rats
28 creatures vanquished.

Notes
Turn   | Place    | Note
-------+----------+-------------------------------------------
     0 | D:1      | Bravepunisher the Spriggan Monk began the quest for the
                  | Orb.
     0 | D:1      | Reached XP level 1. HP: 11/11 MP: 2/2
   132 | D:1      | Reached XP level 2. HP: 14/16 MP: 3/3
   520 | D:3      | Noticed a scorpion
   542 | D:3      | Found Saposik's Magic Scroll Shoppe.
   698 | D:3      | Reached XP level 3. HP: 10/20 MP: 4/4
   779 | D:3      | Found Kasezu's Weapon Shop.
   913 | D:5      | Entered Level 5 of the Dungeon
  1020 | D:6      | Noticed a sky beast
  1025 | D:6      | You fall into a shaft and drop 3 floors!
  1026 | D:9      | Found a sparkling altar of Nemelex Xobeh.
  1055 | D:9      | Found Haffargh's Armour Shop.
  1082 | D:9      | Found Farghaff's Antique Armour Shop.
  1088 | D:9      | Noticed a hornet
  1091 | D:8      | Noticed a wight
  1091 | D:8      | Noticed a wight
  1091 | D:8      | Noticed a wight
  1091 | D:8      | Noticed a wight
  1092 | D:8      | Noticed a wight
  1162 | D:7      | Found a blossoming altar of Fedhas.
  1187 | D:8      | Noticed a killer bee
  1190 | D:8      | Noticed a killer bee
  1202 | D:8      | Noticed a killer bee
  1205 | D:8      | Noticed a killer bee
  1206 | D:8      | Noticed a killer bee
  1209 | D:8      | Slain by a killer bee

Illustrated notes

Levels and vault maps discovered:
D:1:      minmay_arrival_stone_box, layout_rooms, serial_bayou_ford_a
D:2:      layout_loops_corners, shapermc_ecumenical_altar_gd, basic_altar
D:3:      layout_basic, lemuel_round_altar, serial_shops, shop, shop, shop, shop
D:4:      layout_loops_corners, uniq_robin, uniq_menkaure
D:5:      layout_basic, gammafunk_ghost_cemetery, nicolae_ossuary_entry_giza
D:6:      layout_layer_cave, minmay_temple_entry_enclosed_plants,
          ebering_ghost_sewer_d
D:7:      layout_gridville, trog_wizard, nicolae_overflow_hidden_temple,
          serial_shops, shop
D:8:      layout_cave_pods, enter_bailey_3, minmay_gold_behind_fungi
D:9:      layout_basic, kennysheep_little_box,
          nicolae_hepliaklqana_monster_ancestors, xom_shifter_show,
          serial_shops, shop_coins, nicolae_stop_n_shop_1

Skill      XL: |  1  2 |
---------------+-------+-----
Fighting       | 3 |  3.4
Short Blades   | |  3.2
Dodging        | |  4.8

Action                     || total
---------------------------++-------
  Melee: Short sword       ||   137
         Punch             ||     1
    Use: Scroll            ||     5
         Potion            ||     4
   Stab: Sleeping          ||     3
 Armour: Robe              ||    50
  Dodge: Dodged            ||   108

Table legend: (Time is in decaauts)
 A = Elapsed time spent in this place.
 B = Non-inter-level travel time spent in this place.
 C = Inter-level travel time spent in this place.
 D = Time resting spent in this place.
 E = Time spent auto-exploring this place.
 F = Levels seen in this place.
 G = Mean time per level.
                   A        B        C        D        E       F      G
               +--------+--------+--------+--------+--------+-----+--------+
         Total |    849 |    824 |     25 |      0 |    416 |   9 |   94.3 |
       Dungeon |    849 |    824 |     25 |      0 |    416 |   9 |   94.3 |
               +--------+--------+--------+--------+--------+-----+--------+

Top non-repeatable levels by time:
     D:1: 288 daAuts
     D:3: 238 daAuts
     D:4: 87 daAuts
     D:2: 74 daAuts
     D:8: 61 daAuts
     D:9: 44 daAuts
     D:5: 23 daAuts
     D:7: 18 daAuts
     D:6: 12 daAuts
